 Dungeon Crawl Stone Soup version 0.27.1-34-g3ba077fa99 (webtiles) character file.

Game seed: 5177106963965839542

329 soggyman666 the Magician (level 6, -3/42 HPs)
             Began as a Djinni Fire Elementalist on Jan 20, 2022.
             Slain by a gnoll (5 damage)
             ... on level 4 of the Dungeon.
             The game lasted 00:30:54 (5312 turns).

soggyman666 the Magician (Djinni Fire Elementalist) Turns: 5312, Time: 00:30:55

Health: -3/42      AC:  2    Str:  7    XL:     6   Next: 80%
Gold:   190        EV:  7    Int: 18    God:
                   SH:  0    Dex: 14

rFire    + + .     SeeInvis .   e - +2 dagger (drain)
rCold    . . .     Faith    .   (no shield)
rNeg     . . .     Spirit   .   a - +0 robe
rPois    ∞         Reflect  .   (no helmet)
rElec    .         Harm     .   (no cloak)
rCorr    .         Rampage  .   (no gloves)
Will     .....                  (boots unavailable)
Stlth    ++........             (no amulet)
HPRegen  0.14/turn              g - ring of protection from cold
MPRegen  0.00/turn              (no ring)

@: flying, held
A: sickness immunity, fire resistance 2, cold vulnerability 1, float, innate
caster, hp casting, extra vitality 1
a: no special abilities


You were on level 4 of the Dungeon.
You visited 1 branch of the dungeon, and saw 4 of its levels.

You collected 190 gold pieces.

Inventory:

Hand Weapons
 e - a +2 dagger of draining (weapon)
Armour
 a - a +0 robe (worn)
Jewellery
 g - a ring of protection from cold (left hand)
Scrolls
 d - 3 scrolls of magic mapping {unknown}
 h - a scroll of brand weapon
Potions
 b - a potion of curing {unknown}
 c - a potion of invisibility {unknown}
 f - a potion of flight {unknown}


   Skills:
 - Level 1.0 Fighting
 + Level 3.2 Dodging
 * Level 2.6 Stealth
 + Level 4.7 Spellcasting


You couldn't memorise any spells.
You knew the following spells:

 Your Spells              Type           Power      Damage    Failure   Level
a - Foxfire               Conj/Fire      84%        2x1d8     1%          1
b - Conjure Flame         Conj/Fire      21%        6-21      6%          3
c - Inner Flame           Hex/Fire       21%        N/A       6%          3
d - Sticky Flame          Conj/Fire      21%        2d4       21%         4
e - Fireball              Conj/Fire      10%        3d6       50%         5
f - Corona                Hex            23%        N/A       1%          1
g - Call Imp              Summ           21%        N/A       3%          2
Your spell library was empty.

Dungeon Overview and Level Annotations

Branches:
Dungeon (4/15)
 Temple: D:4-7

Altars:

Portals:
Sewer: D:4


Innate Abilities, Weirdness & Mutations

You are immune to sickness and miasma.
You are immune to poison.
Your flesh is very heat resistant. (rF++)
You are vulnerable to cold. (rC-)
You float through the air rather than walking.
You learn spells naturally, not from books.
Your magical power is your life essence.
You have superior vitality. (+4 HP)


Message History

The gnoll shaman shouts!
The gnoll shouts!
The foxfire hits the gnoll but does no damage.
The foxfire hits the gnoll.
The gnoll is moderately wounded.
The gnoll closely misses you.
Casting: Foxfire (safe; 1% risk of failure)
Confirm with . or Enter, or press ? or * to list all spells.
You conjure some foxfire!
The gnoll throws a throwing net.
The throwing net hits you.
You become entangled in the net!
You struggle against the net.
The foxfire hits the gnoll.
The gnoll is moderately wounded.
The foxfire hits the gnoll.
The gnoll is severely wounded.
The gnoll barely misses you.
You struggle against the net.
The gnoll hits you from afar with a +0 spear.
The gnoll hits you with a +0 flail!
Casting: Foxfire (safe; 1% risk of failure)
Confirm with . or Enter, or press ? or * to list all spells.
A beastly little devil appears in a puff of flame.
The gnoll hits you from afar with a +0 spear.
The gnoll barely misses you.
Casting: Call Imp (safe; 3% risk of failure)
Confirm with . or Enter, or press ? or * to list all spells.
A beastly little devil appears in a puff of frigid air.
The gnoll barely misses you.
The gnoll hits you from afar with a +0 spear!
Your crimson imp blinks!
The gnoll hits you with a +0 flail.
* * * LOW HITPOINT WARNING * * *
You struggle against the net.
The giant cockroach bites you but does no damage.
The gnoll hits you from afar with a +0 spear!
* * * LOW HITPOINT WARNING * * *
Your white imp gestures at the giant cockroach.
The puff of frost hits the giant cockroach!
The giant cockroach dies!
Your crimson imp barely misses the gnoll.
The gnoll hits you with a +0 flail.
You die...

####.##+#+####
≈≈≈≈#......##..
≈∩≈S#......#♣.♣
≈≈BB#.....> #.# ##
#####.....# ♣.♣..
..........# #.#.#
#.........##♣.♣.#####
#......5.............
#......g@5..♣.♣.#####
#....gg.....#.#.#
#....gg$§...#.#.#
.....g####..#.♣<♣#♣#♣#♣
...... ...#..........
...... #...#.♣#♣#♣#♣#♣
.P... #...... ....g
..##... #. #...#


You could see a gnoll shaman, 5 gnolls, an adder, 2 giant cockroaches, a
friendly crimson imp (summoned) and a friendly white imp (summoned).

Vanquished Creatures
  Sigmund (D:2)
  A necrophage (D:2)
  A bullfrog zombie (D:3)
  A centaur skeleton (D:3)
  An adder (D:3)
  3 dart slugs
  4 ball pythons
  2 bats (D:1)
  2 endoplasms
  4 giant cockroaches
  6 goblins
  5 hobgoblins
  3 jackals (D:1)
  3 quokkas
  11 kobolds
  6 rats
54 creatures vanquished.

Vanquished Creatures (collateral kills)
  Crazy Yiuf (D:2)
  An endoplasm (D:3)
  A giant cockroach (D:4)
3 creatures vanquished.

Vanquished Creatures (others)
  147 foxfires
147 creatures vanquished.

Grand Total: 204 creatures vanquished

Notes
Turn   | Place    | Note
-------+----------+-------------------------------------------
     0 | D:1      | soggyman666 the Djinni Fire Elementalist began the quest
                  | for the Orb.
     0 | D:1      | Reached XP level 1. HP: 15/15 MP: 0/0
   200 | D:1      | Reached XP level 2. HP: 9/21 MP: 0/0
   571 | D:1      | Reached skill level 3 in Spellcasting
   636 | D:1      | Reached XP level 3. HP: 14/25 MP: 0/0
   636 | D:1      | Learned a level 1 spell: Corona
  2035 | D:2      | Noticed Sigmund
  2469 | D:2      | Reached XP level 4. HP: 30/31 MP: 0/0
  2587 | D:2      | Found a runed translucent door.
  2588 | D:2      | Noticed Crazy Yiuf
  2630 | D:3      | Noticed a necrophage
  2689 | D:3      | HP: 1/31 [necrophage (5)]
  3031 | D:2      | Killed a necrophage
  3032 | D:2      | Reached XP level 5. HP: 15/36 MP: 0/0
  3032 | D:2      | Learned a level 2 spell: Call Imp
  3439 | D:2      | Killed Sigmund
  3440 | D:2      | Reached skill level 1 in Fighting
  3440 | D:2      | Reached skill level 4 in Spellcasting
  3440 | D:2      | Reached XP level 6. HP: 16/42 MP: 0/0
  3745 | D:2      | Killed Crazy Yiuf
  5303 | D:4      | Found a glowing drain.
  5312 | D:4      | HP: 2/42 [gnoll (9)]
  5312 | D:4      | Slain by a gnoll

Illustrated notes

Levels and vault maps discovered:
D:1:      dpeg_arrival_tiny_a, layout_loops_ring, serial_park_tiny_2
D:2:      layout_loops_ring, uniq_crazy_yiuf_cottage, uniq_sigmund
D:3:      layout_loops_ring, serial_co_window_serial, co_window_corner_a,
          co_window_of_opportunity_a, co_window_corner_a, co_window_corner_a,
          co_window_of_opportunity_a, co_window_2corner, co_window_broadway_b,
          co_window_broadway_c, co_window_broadway_c, co_window_paths_c,
          co_window_broadway_b, co_window_of_opportunity_c, co_window_paths_e,
          glass_columns_b, chequers_serial_rivers_micro_b, minmay_bisected
D:4:      layout_basic, serial_forest, infiniplex_forest_straight_5,
          infiniplex_forest_lined_ring, infiniplex_forest_clump_tiny,
          infiniplex_forest_straight_2, infiniplex_forest_zigzag_1,
          infiniplex_forest_lined_2, infiniplex_forest_lined_room_3,
          infiniplex_forest_clump_small, infiniplex_forest_end_1,
          infiniplex_forest_lined_3, gup_sewer_entry_glass

Skill      XL: |  1  2  3  4  5 |
---------------+----------------+-----
Spellcasting   | 3 4 |  4.7
Stealth        | 2 |  2.6
Fighting       | 1 |  1.0
Dodging        | 3 |  3.2

Action                   |  1- 3 |  4- 6 || total
-------------------------+-------+-------++-------
Melee: Unarmed           |    10 |       ||    10
       Dagger            |     4 |     1 ||     5
 Cast: Foxfire           |    72 |    55 ||   127
       Conjure Flame     |       |     2 ||     2
       Call Imp          |       |    11 ||    11
       Corona            |       |     2 ||     2
  Use: Scroll            |     1 |     3 ||     4
Armor: Robe              |    10 |     4 ||    14
Dodge: Dodged            |    31 |    26 ||    57
